 Dungeon Crawl Stone Soup version 0.29-a0-925-g0a7a3d12f8 (webtiles) character file.

Game seed: 2473812076118127468

162 Newt the Twirler (level 6, -2/51 HPs)
             Began as a Meteoran Gladiator on July 28, 2022.
             Was a Plaything of Xom.
             Slain by a bullfrog (7 damage)
             ... in a sewer.
             The game lasted 00:05:21 (1585 turns).

Newt the Twirler (Meteoran Gladiator)               Turns: 1585, Time: 00:05:21

Health: -2/51      AC:  4    Str: 17    XL:     6   Next: 2%
Magic:  7/7        EV: 13    Int: 10    God:    Xom [.*....]
Gold:   172        SH:  0    Dex: 16    Spells: 5/5 levels left

rFire   . . .      SeeInvis .   i - +8 sling "Paevif" {speed, rN+}
rCold   . . .      Faith    .   (no shield)
rNeg    + . .      Spirit   .   b - +0 leather armour
rPois   .          Reflect  .   c - +0 helmet
rElec   .          Harm     .   (no cloak)
rCorr   .          Rampage  .   (no gloves)
Will    .....                   (no boots)
Stlth   ..........              (no amulet)
HPRegen 0.17/turn               (no ring)
MPRegen 0.10/turn               (no ring)

@: lethally poisoned (-2 -> -9), silenced, hasted, glowing, very quick
A: sense surroundings 1, otherworldly, glowing, explore regen
a: Renounce Religion


You were in a sewer.
You worshipped Xom.
You were a plaything of Xom.
You visited 1 branch of the dungeon, and saw 3 of its levels.
You also visited: Sewer.

You collected 172 gold pieces.

Inventory:

Hand Weapons
 a - a +0 quarterstaff
 i - the +8 sling "Paevif" (weapon) {speed, rN+}
   (You found it on level 2 of the Dungeon)

   Attacks with this weapon are significantly faster.
   rN:        It protects you from negative energy.
Missiles
 d - 3 throwing nets
 e - a javelin
Armour
 b - a +0 leather armour (worn)
 c - a +0 helmet (worn)
Scrolls
 j - 3 scrolls of vulnerability
 m - a scroll of torment {unknown}
 n - a scroll of magic mapping {unknown}
 p - a scroll of identify
 r - a scroll of enchant armour {unknown}
Potions
 f - 2 potions of degeneration {unknown}
 h - 3 potions of curing {unknown}
 o - a potion of cancellation {unknown}
 q - a potion of resistance {unknown}


   Skills:
 + Level 3.1 Fighting
 + Level 4.8 Staves
 * Level 2.8 Ranged Weapons
 + Level 2.6 Throwing
 + Level 1.5 Armour
 + Level 4.1 Dodging
 + Level 0.2 Stealth


You had 5 spell levels left.
You didn't know any spells.
Your spell library contained the following spells:

 Spells                   Type           Power      Damage    Failure   Level
 Sandblast                Erth           0%         2d4       41%         1
 Passwall                 Tmut/Erth      0%         N/A       56%         2
 Call Canine Familiar     Summ           0%         N/A       80%         3
 Frozen Ramparts          Ice            0%         1d2       80%         3
 Portal Projectile        Hex/Tloc       0%         N/A       80%         3
 Stone Arrow              Conj/Erth      0%         3d7       80%         3
 Ice Form                 Ice/Tmut       0%         N/A       99%         4
 Leda's Liquefaction      Hex/Erth       0%         N/A       99%         4
 Summon Ice Beast         Ice/Summ       0%         N/A       99%         4


Dungeon Overview and Level Annotations

Branches:
Dungeon (3/15) Zot: 375     Sewer (1/1) Zot: 405

Altars:
Xom

Shops:
D:1 !

Annotations:
D:1 2 runed translucent doors


Innate Abilities, Weirdness & Mutations

You passively map a small area around you.
You are easily found by Zot.
You glow in the dark.
You regain HP and MP as you explore.


Message History

Something bites you but does no damage. The bullfrog closely misses you.
Something barely misses you. The bullfrog closely misses you.
The bullfrog attacks as you move away!
The bullfrog hits you but does no damage.
Something bites you.
You are poisoned.
Something poisons you! The adder closely misses you.
The adder bites you but does no damage. Something bites you.
You are more poisoned.
Something poisons you! The adder bites you.
You are more poisoned.
The adder poisons you!
As you read the scroll labelled ZESMYE CERADI, it crumbles to dust.
A profound silence engulfs you.
It was a scroll of silence.
You feel very sick. The adder barely misses you.
Something bites you but does no damage.
The bullfrog hits you but does no damage.
The adder barely misses you. The adder bites you but does no damage.
Magic scrolls do not work when you're silenced!
Unknown command.
You feel yourself speed up.
You feel sick. The bullfrog closely misses you.
Something bites you but does no damage. The adder bites you.
You are more poisoned.
The adder poisons you! The adder closely misses you. Something bites you.
The adder attacks as you move away! The adder bites you but does no damage.
You feel very sick. The bullfrog hits you.
* * * LOW HITPOINT WARNING * * *
The bullfrog hits you.
* * * LOW HITPOINT WARNING * * *
The adder bites you.
* * * LOW HITPOINT WARNING * * *
The bullfrog hits you.
* * * LOW HITPOINT WARNING * * *
* * * LOW HITPOINT WARNING * * *
You feel sick. The bullfrog misses you.
* * * LOW HITPOINT WARNING * * *
You feel sick. Something barely misses you. The bullfrog hits you!
You die...
Xom chuckles heartily!

##### ####...####
####.........####
##......††.......##
#.........#.......#
##....@.##+##......##
#...S.F## ##......#
##..SSF# ,, #.†....#
#≈≈≈≈SS#** #≈≈≈≈†≈#
#≈≈≈≈S≈# #≈≈≈≈≈≈#
#≈≈≈≈≈≈# #≈≈≈≈≈≈#
#≈≈l≈≈≈# #≈≈≈≈≈≈#
#≈≈≈≈≈≈# #≈≈≈≈≈≈#
#≈≈≈≈≈≈# ##≈≈.≈≈#


You could see 2 bullfrogs, 3 adders, 3 ball pythons and a frilled lizard.

Vanquished Creatures
  An orc priest (D:3)
  A gnoll (D:1)
  An adder (D:2)
  4 river rats
  2 worms
  4 orcs (D:3)
  4 bats
  3 endoplasms
  A giant cockroach (D:3)
  A goblin (D:3)
  7 hobgoblins
  3 jackals (D:3)
  3 kobolds (D:1)
  4 quokkas
  8 ball pythons
  3 frilled lizards
  26 rats
76 creatures vanquished.

Vanquished Creatures (others)
  A plant (D:1)
1 creature vanquished.

Grand Total: 77 creatures vanquished

Notes
Turn   | Place    | Note
-------+----------+-------------------------------------------
     0 | D:1      | Newt the Meteoran Gladiator began the quest for the Orb.
     0 | D:1      | Reached XP level 1. HP: 17/17 MP: 2/2
   124 | D:1      | Reached XP level 2. HP: 23/24 MP: 3/3
   161 | D:1      | Reached XP level 3. HP: 9/29 MP: 4/4
   236 | D:1      | Found Fuigiarr's Distillery.
   324 | D:1      | Found a faded altar of an unknown god.
   337 | D:1      | Prayed at the altar of an unknown god.
   337 | D:1      | Became a worshipper of Xom of Chaos
   401 | D:1      | XOM: silly message
   484 | D:1      | Found a large runed translucent door.
   484 | D:1      | Found a large runed translucent door.
   490 | D:1      | XOM: divination: detect items
   493 | D:1      | Glimpsed the power of Zot.
   543 | D:1      | Glimpsed the power of Zot.
   598 | D:1      | XOM: divination: detect creatures
   701 | D:2      | XOM: noise
   705 | D:2      | Reached XP level 4. HP: 9/37 MP: 5/5
   911 | D:2      | XOM: potion effect (brilliance)
   938 | D:2      | Identified the +8 sling "Paevif" {speed, rN+}
  1054 | D:2      | XOM: 6-stop teleportation journey
  1091 | D:2      | Glimpsed the power of Zot.
  1269 | D:3      | Reached skill level 1 in Ranged Weapons
  1269 | D:3      | Reached skill level 1 in Armour
  1269 | D:3      | Reached XP level 5. HP: 37/44 MP: 6/6
  1392 | D:3      | XOM: silly message
  1410 | D:3      | Found a glowing drain.
  1414 | Sewer    | Entered a sewer
  1546 | Sewer    | Reached XP level 6. HP: 51/51 MP: 7/7
  1570 | Sewer    | XOM: enchant monster (bad)
  1571 | Sewer    | XOM: 2-stop teleportation journey
  1585 | Sewer    | Slain by a bullfrog

Illustrated notes

Levels and vault maps discovered:
D:1:      erik_arrival_cave_to_civilisation [erik_arrival_cave_to_temple],
          layout_rooms, serial_shops, nicolae_diamond_shop,
          hellmonk_ecumenical_altar_run_dry, serial_bayou_pond_b,
          minmay_curled_crystal
D:2:      layout_basic, minmay_misc_feat_alley
D:3:      layout_loops_ring, gup_sewer_entry_bowl
Sewer:    sewer_minmay_w

Skill      XL: |  1  2  3  4  5 |
---------------+----------------+-----
Staves         | 4 |  4.8
Dodging        | 4 |  4.1
Ranged Weapons | 1 2 |  2.8
Armour         | 1 |  1.5
Fighting       | 3 |  3.1
Throwing       | |  2.6
Stealth        | |  0.2

Action                   |  1- 3 |  4- 6 || total
-------------------------+-------+-------++-------
Melee: Quarterstaff      |    70 |    10 ||    80
 Fire: Sling             |       |   104 ||   104
  Use: Scroll            |     2 |     4 ||     6
       Potion            |       |     1 ||     1
Armor: Leather armour    |    26 |    17 ||    43
Dodge: Dodged            |    46 |    35 ||    81

Table legend: (Time is in decaauts)
 A = Elapsed time spent in this place.
 B = Non-inter-level travel time spent in this place.
 C = Inter-level travel time spent in this place.
 D = Time resting spent in this place.
 E = Time spent auto-exploring this place.
 F = Levels seen in this place.
 G = Mean time per level.
                   A        B        C        D        E       F      G
               +--------+--------+--------+--------+--------+-----+--------+
         Total |   1617 |   1580 |     37 |    331 |    851 |   4 |  404.2 |
       Dungeon |   1424 |   1387 |     37 |    331 |    754 |   3 |  474.7 |
         Sewer |    193 |    193 |      0 |      0 |     96 |   1 |  193.0 |
               +--------+--------+--------+--------+--------+-----+--------+

Top non-repeatable levels by time:
     D:1: 880 daAuts
     D:3: 298 daAuts
     D:2: 245 daAuts
   Sewer: 193 daAuts
